 Dungeon Crawl Stone Soup version 0.19.1-1-g22dce08 (webtiles) character file.

9952 Slime the Fighter (level 11, -7/136 HPs)
             Began as an Octopode Berserker on Dec 31, 2016.
             Was a High Priest of Trog.
             Mangled by a fire bat (9 damage)
             ... summoned by a glowing orange brain
             ... on level 2 of the Abyss.
             The game lasted 00:35:15 (9123 turns).

Slime the Fighter (Octopode Berserker)              Turns: 9123, Time: 00:35:16

Health: -7/136     AC:  1    Str: 25    XL:     11   Next: 54%
Magic:  0/11       EV: 20    Int:  8    God:    Trog [*****.]
Gold:   731        SH:  0    Dex: 20    Spells: 0 memorised, 10 levels left

rFire  . . .     SeeInvis .       - Unarmed
rCold  . . .     Gourm    .     (no shield)
rNeg   . . .     Faith    .     (helmet restricted)
rPois  +         Spirit   +     m - amulet of guardian spirit
rElec  .         Reflect  .     D - ring of Temptation {rPois Dex+7}
rCorr  .         Harm     .     x - ring of poison resistance
MR     ++...                    (no ring)
Stlth  ..........               (no ring)
                                (no ring)
                                (no ring)
                                (no ring)
                                (no ring)

@: berserking, about to teleport, afraid, very slightly contaminated,
regenerating, very quick
A: almost no armour, stealthy swim, amphibious, 8 rings, constrict 8, camouflage
1, agile 1, dopey 1, poison resistance, robust 1, wild magic 1, gelatinous body
1, evolution 1
a: Berserk, Trog's Hand, Brothers in Arms, Burn Spellbooks, Renounce Religion


You were on level 2 of the Abyss.
You worshipped Trog.
Trog was extremely pleased with you.
You were hungry.

You visited 2 branches of the dungeon, and saw 12 of its levels.
You visited the Abyss 1 time.
You also visited: Sewer and Volcano.

You collected 731 gold pieces.

Inventory:

Hand Weapons
 u - a +0 blowgun
 C - a +0 dagger of venom
Missiles
 b - 57 poisoned needles
 y - 3 needles of sleeping
Armour
 E - the +0 ring mail "Nuwnemoj" {rF- MR++ Str+2}
   (You found it on level 6 of the Dungeon)

   It affects your strength (+2).
   It makes you vulnerable to fire.
   It affects your resistance to hostile enchantments.
Jewellery
 m - an amulet of guardian spirit (around mantle)
 x - a ring of poison resistance (right tentacle)
 D - the ring of Temptation (left tentacle) {rPois Dex+7}
   (You found it on level 6 of the Dungeon)

   [ring of poison resistance]

   It affects your dexterity (+7).
   It protects you from poison.
 G - a cursed ring of teleportation {unknown}
Wands
 q - a wand of disintegration (13/24)
 A - a wand of digging (12/24)
 H - a wand of paralysis (10/24)
 L - a wand of teleportation (7/9)
Scrolls
 e - 3 scrolls of remove curse
 g - 5 scrolls of blinking
 h - 3 scrolls of teleportation
 i - a scroll of fear
 j - a scroll of noise
 o - a scroll of random uselessness
 s - 2 scrolls of immolation
 z - 11 scrolls of identify
 I - a scroll of amnesia
 J - a scroll of fog
 M - a scroll of recharging
 N - a scroll of enchant armour {unknown}
Potions
 f - 10 potions of degeneration
 k - 6 potions of brilliance
 l - a potion of lignification
 n - 2 potions of magic
 p - 4 potions of curing
 t - 3 potions of heal wounds
 v - a potion of might
 w - a potion of flight
 B - a potion of mutation
 F - a potion of haste
 K - a potion of agility
Miscellaneous
 O - a box of beasts
Comestibles
 a - 5 bread rations
 c - 5 slices of pizza
 d - 5 meat rations
 r - 11 beef jerkies


   Skills:
 - Level 11.0 Fighting
 - Level 9.0 Dodging
 - Level 8.0 Stealth
 + Level 10.6 Unarmed Combat


You had 10 spell levels left.
You didn't know any spells.

Dungeon Overview and Level Annotations

Branches:
Dungeon (11/15)            Temple (0/1) D:7            Lair (1/6) D:11
    Orc (0/2) D:9

Altars:
Elyvilon
Gozag
Kikubaaqudgha
Nemelex Xobeh
Ru
Trog
Uskayaw
Yredelemnul
The Shining One


Innate Abilities, Weirdness & Mutations

You cannot wear most types of armour.
You are very stealthy in the water. (Stealth+)
You are amphibious.
You can wear up to eight rings at the same time.
You can use your tentacles to constrict eight enemies at once.
Your skin changes colour to match your surroundings (Stealth+).
Your rubbery body absorbs attacks. (AC +1, EV +1)
You are agile. (Dex +2)
You are dopey. (Int -2)
Your system is resistant to poisons. (rPois)
You are robust. (+10% HP)
Your spells are a little harder to cast, but a little more powerful.
You evolve.


Message History

* * * LOW HITPOINT WARNING * * *
You hold your ground!
The fire bat misses you.
The eidolon gestures.
The eidolon radiates an aura of fear!
You are terrified of the eidolon!
The thrashing horror tramples you.
* * * LOW HITPOINT WARNING * * *
You hold your ground!
The thrashing horror barely misses you.
The worldbinder completely misses you. x2; The fire bat completely misses you.
You bludgeon the fire bat! Your grab misses the fire bat.
Your squeeze misses the fire bat.
The fire bat is severely wounded.
The fire bat bites you.
* * * LOW HITPOINT WARNING * * *
You are engulfed in flames.
* * * LOW HITPOINT WARNING * * *
The fire bat bites you.
* * * LOW HITPOINT WARNING * * *
You are engulfed in flames!
You die...

# #..≈.X§≈.≈§§§§§.#.. .
.b§X≈.bb...§≈≈≈.### #
§≈. . ≈≈b≈..$§.# . ..x
G ##.# ####..[.# . .# .
# .#X§.........#.#.####
b..#.#####'#.'X..######
# #... # # ...
.#W#....#. ..## ####
###Xb.#. .. # #@b###..
##x5# #. . #WW#.
####XW.# . . ≈#.#.## ..
. § ..#.. .#. .# .. .


You could see an eidolon, a thrashing horror, 2 large abominations, a
worldbinder, a wraith, 2 shadows, 2 fire bats and an ufetubus.

Vanquished Creatures
  2 hill giants (D:10)
  A cyclops (D:11)
  Joseph (D:7)
  Maurice (D:9)
  Psyche (D:8)
  A spiny frog (D:11)
  2 kobold demonologists (D:11)
  A komodo dragon (D:11)
  A hippogriff (D:10)
  The ghost of Slime the Chiller, an amateur MfIE of Gozag (D:4)
  10 yaks
  A vampire (D:10)
  A wraith (D:11)
  Eustachio (D:6)
  A hungry ghost (D:8)
  Menkaure (D:5)
  Edmund (D:4)
  A water moccasin (D:10)
  A swamp drake (D:9)
  2 ice beasts
  2 orc warriors (D:9)
  A black bear (D:6)
  A phantom (D:9)
  7 ogres
  A centaur (D:11)
  4 big kobolds
  A bullfrog (D:11)
  A wyvern skeleton (D:9)
  A scorpion (D:7)
  5 killer bees (D:8)
  5 howler monkeys
  4 wights (D:10)
  A crimson imp (D:7)
  A centaur zombie (D:8)
  4 bullfrog zombies
  2 quasits
  5 orc priests
  2 hounds
  2 jellies
  7 orc wizards
  2 bullfrog skeletons
  3 iguanas
  4 worker ants
  A killer bee zombie (D:9)
  A hound zombie (D:5)
  A howler monkey zombie (D:6)
  2 worker ant zombies (D:5)
  Robin (D:3)
  10 adders
  3 gnolls (D:7)
  2 river rats (Sewer)
  6 shadow imps
  An ooze (D:4)
  3 adder skeletons (D:4)
  An adder zombie (D:5)
  3 worms
  5 dart slugs (D:1)
  3 leopard geckos
  53 orcs
  3 giant cockroaches
  14 goblins
  14 hobgoblins
  20 kobolds
  4 quokkas
  3 ball pythons
  A ball python zombie (D:5)
  6 bats
  4 frilled lizards
  A giant cockroach zombie (D:5)
  2 leopard gecko skeletons
  2 quokka skeletons
  6 rats
  A plant (Lair:1)
  A withered plant (D:5)
276 creatures vanquished.

Vanquished Creatures (collateral kills)
  A hippogriff (D:11)
1 creature vanquished.

Grand Total: 277 creatures vanquished

Notes
Turn   | Place    | Note
-------+----------+-------------------------------------------
     0 | D:1      | Slime the Octopode Berserker began the quest for the Orb.
     0 | D:1      | Reached XP level 1. HP: 16/16 MP: 1/1
    45 | D:1      | Reached XP level 2. HP: 10/21 MP: 2/2
   151 | D:1      | Gained mutation: You are robust. (+10% HP) [potion of mutation]
   151 | D:1      | Gained mutation: You are dopey. (Int -2) [potion of mutation]
   151 | D:1      | Gained mutation: Your spells are a little harder to cast, but a little more powerful. [potion of mutation]
   295 | D:1      | Reached skill level 1 in Stealth
   295 | D:1      | Reached XP level 3. HP: 24/28 MP: 3/3
   701 | D:2      | Reached ** piety under Trog
   814 | D:2      | Reached XP level 4. HP: 25/34 MP: 4/4
  1228 | D:3      | Found a sacrificial altar of Ru.
  1289 | D:3      | Found a faded altar of an unknown god.
  1429 | D:3      | Noticed Robin
  1451 | D:3      | Killed Robin
  1451 | D:3      | Reached skill level 4 in Fighting
  1791 | D:3      | Reached XP level 5. HP: 37/40 MP: 3/5
  2009 | D:4      | Found a glowing drain.
  2029 | Sewer    | Entered a sewer
  2060 | Sewer    | Reached *** piety under Trog
  2125 | Sewer    | Noticed a big kobold
  2126 | Sewer    | Noticed a big kobold
  2141 | Sewer    | Killed a big kobold
  2141 | Sewer    | Reached XP level 6. HP: 20/47 MP: 3/6
  2145 | Sewer    | Reached skill level 5 in Dodging
  2526 | D:4      | Reached XP level 7. HP: 50/52 MP: 7/7
  2556 | D:4      | Noticed Slime's ghost (amateur MfIE)
  2573 | D:4      | HP: 3/78 [Slime's ghost/Freeze (10)]
  2577 | D:4      | Killed Slime's ghost
  2577 | D:4      | Reached skill level 5 in Unarmed Combat
  2878 | D:4      | Noticed Edmund
  2889 | D:4      | Killed Edmund
  2955 | D:4      | Reached XP level 8. HP: 59/59 MP: 8/8
  3020 | D:4      | Gained mutation: You evolve. [potion of mutation]
  3020 | D:4      | Gained mutation: You can translocate small distances at will. [potion of mutation]
  3020 | D:4      | Lost mutation: You can translocate small distances at will. [potion of mutation]
  3267 | D:5      | Entered Level 5 of the Dungeon
  3306 | D:5      | Noticed Menkaure
  3315 | D:5      | Killed Menkaure
  3435 | D:5      | Gained mutation: Your system is resistant to poisons. (rPois) [evolution]
  3636 | D:5      | Reached skill level 5 in Fighting
  3935 | D:5      | Reached skill level 6 in Fighting
  4092 | D:6      | Found a sparkling altar of Nemelex Xobeh.
  4128 | D:6      | Got a sparkling lapis lazuli ring
  4129 | D:6      | Identified the ring of Temptation {rPois Dex+7} (You found it on level 6 of the Dungeon)
  4225 | D:6      | Noticed Eustachio
  4241 | D:6      | Killed Eustachio
  4270 | D:6      | Reached skill level 7 in Fighting
  4325 | D:6      | Reached **** piety under Trog
  4325 | D:6      | Reached XP level 9. HP: 70/70 MP: 9/9
  4405 | D:6      | Got a crude ring mail
  4471 | D:6      | Reached skill level 5 in Stealth
  4805 | D:7      | Noticed Joseph
  4814 | D:7      | Killed Joseph
  4937 | D:7      | Found a basalt altar of Yredelemnul.
  4938 | D:7      | Found a bloodstained altar of Trog.
  5115 | D:7      | Found an opulent altar of Gozag.
  5407 | D:7      | Found a staircase to the Ecumenical Temple.
  5700 | D:8      | Gained mutation: You are agile. (Dex +2) [evolution]
  5902 | D:8      | Noticed Psyche
  5908 | D:8      | Killed Psyche
  5908 | D:8      | Reached XP level 10. HP: 65/78 MP: 7/10
  5976 | D:9      | Identified the +0 ring mail "Nuwnemoj" {rF- MR++ Str+2} (You found it on level 6 of the Dungeon)
  6089 | D:9      | Found a glowing golden altar of the Shining One.
  6097 | D:9      | Found a white marble altar of Elyvilon.
  6098 | D:9      | Found a hide-covered altar of Uskayaw.
  6102 | D:9      | Found an ancient bone altar of Kikubaaqudgha.
  6309 | D:9      | Noticed Maurice
  6317 | D:9      | Killed Maurice
  6541 | D:9      | Reached ***** piety under Trog
  6557 | D:9      | Reached skill level 8 in Fighting
  6640 | D:9      | Found a staircase to the Orcish Mines.
  6925 | D:10     | Entered Level 10 of the Dungeon
  6965 | D:10     | Noticed a hill giant
  6970 | D:10     | Reached skill level 9 in Fighting
  6979 | D:10     | Killed a hill giant
  7147 | D:10     | Noticed a hill giant
  7164 | D:10     | Killed a hill giant
  7164 | D:10     | Reached skill level 10 in Fighting
  7848 | D:11     | Noticed a cyclops
  7857 | D:11     | Killed a cyclops
  7857 | D:11     | Reached skill level 11 in Fighting
  7857 | D:11     | Reached XP level 11. HP: 91/91 MP: 11/11
  8231 | D:11     | Found a staircase to the Lair.
  8522 | D:11     | Reached skill level 10 in Unarmed Combat
  8783 | Lair:1   | Entered Level 1 of the Lair of Beasts
  8904 | Lair:1   | Found a dark tunnel.
  8911 | Volcano  | Entered a volcano
  8982 | Volcano  | Noticed a wizard
  8987 | Volcano  | Cast into level 2 of the Abyss (a wizard)
  9067 | Abyss:2  | Noticed a wretched star
  9075 | Abyss:2  | Noticed a large abomination
  9084 | Abyss:2  | Noticed an eidolon
  9092 | Abyss:2  | Noticed a glowing orange brain
  9105 | Abyss:2  | Noticed a large abomination
  9106 | Abyss:2  | Noticed a thrashing horror
  9119 | Abyss:2  | Noticed a worldbinder
  9123 | Abyss:2  | HP: 5/136 [fire bat[a glowing orange brain] (4)]
  9123 | Abyss:2  | HP: 2/136 [fire bat[a glowing orange brain] (3)]
  9123 | Abyss:2  | Mangled by a fire bat

Skill      XL: |  1  2  3  4  5  6  7  8  9 10 11 |
---------------+----------------------------------+-----
Unarmed Combat | 4 6 7 8 10 | 10.6
Stealth        | 1 3 8 |  8.0
Fighting       | 4 7 11 | 11.0
Dodging        | 4 6 8 9 |  9.0

Action                   |  1- 3 |  4- 6 |  7- 9 | 10-12 || total
-------------------------+-------+-------+-------+-------++-------
Melee: Unarmed           |    62 |   127 |   252 |   269 ||   710
       Constrict         |    23 |    32 |    63 |    45 ||   163
       Tentacles         |    15 |    33 |    66 |   101 ||   215
       Punch             |     1 |     1 |    18 |    44 ||    64
Invok: Trog's Hand       |       |     3 |     3 |     4 ||    10
       Berserk           |       |     2 |     3 |     5 ||    10
       Burn Spellbooks   |       |       |       |     1 ||     1
       Brothers in Arms  |       |       |       |     1 ||     1
  Use: Scroll            |     3 |     5 |     6 |     6 ||    20
       Potion            |     1 |     7 |     4 |     4 ||    16
 Stab: Sleeping          |     4 |    11 |    15 |    12 ||    42
       Distracted        |       |     1 |       |       ||     1
  Eat: Chunk             |       |     6 |     5 |     2 ||    13
       Bread ration      |       |     1 |     2 |     2 ||     5
       Royal jelly       |       |       |       |     1 ||     1
       Fruit             |       |       |       |     4 ||     4
Armor: Skin              |     6 |     6 |     5 |     6 ||    23
Dodge: Dodged            |    29 |    75 |   178 |   259 ||   541
